 Dungeon Crawl Stone Soup version 0.29.1-2-gbd0b4ee654 (webtiles) character file.

Game seed: 15717855700765064689

56 GigaChad the Covered (level 3, -2/33 HPs)
             Began as a Minotaur Fighter on Nov 22, 2022.
             Slain by a hobgoblin (3 damage)
             ... led by Robin
             ... on level 2 of the Dungeon.
             The game lasted 00:01:58 (1211 turns).

GigaChad the Covered (Minotaur Fighter)             Turns: 1211, Time: 00:01:59

Health: -2/33      AC:  9    Str: 22    XL:     3   Next: 71%
Magic:  2/2        EV:  7    Int:  5    God:
Gold:   56         SH:  4    Dex:  9    Spells: 2/2 levels left

rFire   . . .      SeeInvis .   a - +0 war axe
rCold   . . .      Faith    .   c - +0 buckler
rNeg    . . .      Spirit   .   j - +0 chain mail
rPois   .          Reflect  .   (helmet restricted)
rElec   .          Harm     .   (no cloak)
rCorr   .          Rampage  .   (no gloves)
Will    .....                   (no boots)
Stlth   ..........              (no amulet)
HPRegen 0.11/turn               (no ring)
MPRegen 0.08/turn               (no ring)

@: no status effects
A: horns 2, retaliatory headbutt
a: no special abilities


You were on level 2 of the Dungeon.
You visited 1 branch of the dungeon, and saw 2 of its levels.

You collected 56 gold pieces.

Inventory:

Hand Weapons
 a - a +0 war axe (weapon)
Armour
 b - a +0 scale mail
 c - a +0 buckler (worn)
 j - a +0 chain mail (worn)
Scrolls
 e - a scroll of teleportation {unknown}
 h - 3 scrolls of identify {unknown}
 i - a scroll of enchant weapon {unknown}
Potions
 d - a potion of might
 f - a potion of haste {unknown}
 g - a potion of cancellation {unknown}
 k - a potion of heal wounds {unknown}
 l - a potion of brilliance {unknown}
 m - a potion of resistance {unknown}
 n - 2 potions of ambrosia {unknown}


   Skills:
 + Level 4.1 Fighting
 + Level 3.0 Axes
 + Level 4.3 Armour
 + Level 0.2 Dodging
 + Level 4.3 Shields


You had 2 spell levels left.
You didn't know any spells.
Your spell library contained the following spells:

 Spells                   Type           Power      Damage    Failure   Level
 Iskenderun's Battlesphe  Conj           0%         2d6       100%        5
 Iron Shot                Conj/Erth      0%         9d1       100%        6
 Spellforged Servitor     Conj/Summ      0%         N/A       100%        7


Dungeon Overview and Level Annotations

Branches:
Dungeon (2/15)

Altars:

Annotations:
D:2 Robin


Innate Abilities, Weirdness & Mutations

You have a pair of horns on your head.
You reflexively headbutt those who attack you in melee.


Message History

You closely miss the goblin. Your headbutt misses the goblin.
You miss the goblin. The goblin hits you but does no damage.
The goblin hits you with a +0 dagger.
* * * LOW HITPOINT WARNING * * *
You hit the goblin but do no damage. You slash the goblin!
You kill the goblin!
Robin throws the goblin at you!
The goblin hits you but does no damage. x4
You miss the goblin. Your headbutt misses the goblin.
You hit the goblin but do no damage. The goblin closely misses you.
You furiously retaliate!
You headbutt the goblin!
You kill the goblin!
The goblin hits you but does no damage.
You closely miss the goblin.
Robin roars a battlecry!
The goblins go into a battle-frenzy!
The goblin hits you with a +0 dagger.
* * * LOW HITPOINT WARNING * * *
You hit the goblin but do no damage. The goblin hits you but does no damage.
The goblin closely misses you. Robin throws the goblin at you!
You closely miss the goblin. x2; You block the goblin's attack. x2
You miss the goblin. You hit the goblin. You block the goblin's attack.
The goblin hits you but does no damage.
You closely miss the goblin. You barely miss the goblin.
The goblin hits you but does no damage. The goblin barely misses you.
The goblin hits you but does no damage. The goblin completely misses you.
You furiously retaliate!
You headbutt the goblin.
You kill the goblin!
Your Axes skill increases to level 3!
The jackal bites you.
* * * LOW HITPOINT WARNING * * *
The jackal completely misses you. You furiously retaliate!
You headbutt the jackal!
You kill the jackal!
Things that are here:
a +0 dagger; a goblin corpse You closely miss the hobgoblin.
Your headbutt misses the hobgoblin. You hit the goblin.
You kill the goblin!
Robin throws the goblin at you! The hobgoblin hits you.
You die... #.. ... # #.# #.#.# .#.## .# rg.

.# #g# .. #@#
.# #g# .# #)#
.#
#.##########.#
#..........<.#
##############


You could see Robin, a hobgoblin (strong), a goblin (strong) and a rat
(wandering).

Vanquished Creatures
  A gnoll (D:1)
  A dart slug (D:2)
  A ball python (D:1)
  4 bats (D:1)
  2 endoplasms (D:1)
  2 giant cockroaches (D:1)
  11 goblins
  A hobgoblin (D:1)
  2 jackals (D:2)
  2 quokkas (D:1)
  4 frilled lizards (D:1)
  4 kobolds (D:1)
  6 rats (D:1)
41 creatures vanquished.

Notes
Turn   | Place    | Note
-------+----------+-------------------------------------------
     0 | D:1      | GigaChad the Minotaur Fighter began the quest for the Orb.
     0 | D:1      | Reached XP level 1. HP: 19/19 MP: 0/0
   262 | D:1      | Reached XP level 2. HP: 27/27 MP: 1/1
   535 | D:1      | Reached XP level 3. HP: 30/33 MP: 2/2
  1178 | D:2      | Noticed Robin
  1210 | D:2      | HP: 1/33 [jackal (3)]
  1211 | D:2      | Slain by a hobgoblin

Illustrated notes

Levels and vault maps discovered:
D:1:      dpeg_arrival_court, layout_basic, minivault_5, kennysheep_another_room
D:2:      kennysheep_six_static_rooms, layout_loops_ring,
          ebering_ecumenical_altar_petrified, uniq_robin

Skill      XL: |  1  2  3 |
---------------+----------+-----
Armour         | 4 |  4.3
Shields        | 4 |  4.3
Fighting       | 4 |  4.1
Axes           | 3 |  3.0
Dodging        | |  0.2

Action                   || total
-------------------------++-------
Melee: War axe           ||    74
       Headbutt          ||     4
Armor: Scale mail        ||    33
       Chain mail        ||    48
Dodge: Dodged            ||    46
Block: Buckler           ||    24
